 Dungeon Crawl Stone Soup version 0.28-a0-730-g892d06dc2c (webtiles) character file.

Game seed: 4982666569652417926

704 ytrimaz the Twirler (level 7, -1/55 HPs)
             Began as a Formicid Fighter on Oct 28, 2021.
             Slain by a gnoll sergeant (2 damage)
             ... on level 5 of the Dungeon.
             The game lasted 00:05:41 (4327 turns).

ytrimaz the Twirler (Formicid Fighter)              Turns: 4327, Time: 00:05:43

Health: -1/55      AC:  8    Str: 23    XL:     7   Next: 99%
Magic:  7/7        EV: 10    Int:  7    God:
Gold:   281        SH: 10    Dex: 10    Spells: 6/6 levels left

rFire   . . .      SeeInvis +   e - +7 lajatang of Order {silver, rMut}
rCold   . . .      Faith    .   c - +0 buckler
rNeg    . . .      Spirit   .   b - +0 scale mail
rPois   .          Reflect  +   (helmet unavailable)
rElec   .          Harm     .   l - +0 cloak
rCorr   .          Rampage  .   (no gloves)
rMut    +                       (no boots)
Will    .....                   q - amulet of reflection
Stlth   ..........              (no ring)
HPRegen 0.18/turn               (no ring)
MPRegen 0.10/turn

@: no status effects
A: permanent stasis, dig shafts and tunnels, antennae 3, four strong arms
a: Dig, Shaft Self


You were on level 5 of the Dungeon.
You visited 1 branch of the dungeon, and saw 5 of its levels.

You collected 281 gold pieces.

Inventory:

Hand Weapons
 e - the +7 lajatang of Order (weapon) {silver, rMut}
   (You acquired it on level 2 of the Dungeon)

   It inflicts extra damage upon those it strikes, and deals substantially
   increased damage to chaotic, mutated and magically transformed beings.
   rMut:      It protects you from mutation.
 o - a +0 scythe of venom
Armour
 b - a +0 scale mail (worn)
 c - a +0 buckler (worn)
 j - a +0 kite shield
 l - a +0 cloak (worn)
Jewellery
 q - an amulet of reflection (around neck)
 t - an amulet of the acrobat
Wands
 p - a wand of polymorph (18)
 r - a wand of digging (4)
Scrolls
 i - a scroll of magic mapping
 n - a scroll of fog
Potions
 a - 2 potions of heal wounds
 d - 2 potions of might
 f - 2 potions of attraction
 g - a potion of ambrosia {unknown}
 h - a potion of mutation
 k - a potion of cancellation {unknown}
 m - 3 potions of curing {unknown}
 s - 2 potions of haste {unknown}


   Skills:
 + Level 4.4 Fighting
 - Level 2.9 Axes
 * Level 5.8 Staves
 + Level 4.5 Armour
 - Level 0.8 Dodging
 * Level 5.0 Shields


You had 6 spell levels left.
You didn't know any spells.
Your spell library contained the following spells:

 Spells                   Type           Power      Damage    Failure   Level
 Magic Dart               Conj           0%         1d3       75%         1
 Call Imp                 Summ           0%         N/A       86%         2
 Mephitic Cloud           Conj/Pois/Air  0%         N/A       98%         3
 Ozocubu's Armour         Ice            0%         N/A       98%         3
 Metabolic Englaciation   Hex/Ice        0%         N/A       100%        5
 Simulacrum               Ice/Necr       0%         N/A       100%        6


Dungeon Overview and Level Annotations

Branches:
Dungeon (5/15)
 Temple: D:4-7

Altars:


Innate Abilities, Weirdness & Mutations

You cannot be hasted, slowed, berserked, paralysed or teleported.
You can dig through walls and to a lower floor.
You have a pair of large antennae on your head. (SInv)
Your four strong arms can wield two-handed weapons with a shield.


Message History

4 gnolls and a gnoll sergeant come into view.
The gnoll sergeant is wielding a +2 spear of freezing.
A gnoll is wielding a +1 flail of protection.
The gnoll sergeant shouts!
The gnoll shouts! x3
The gnoll sergeant hits you but does no damage.
The gnoll hits you from afar with a +0 spear.
The gnoll hits you with a +0 whip.
You retract your mandibles.
You slice the gnoll!!
You kill the gnoll!
You block the gnoll sergeant's attack. You block the gnoll's attack.
You closely miss the gnoll.
The gnoll sergeant hits you but does no damage.
You block the gnoll's attack.
The gnoll hits you with a +1 flail of protection.
Unknown command.
You slash the gnoll sergeant!
The gnoll sergeant is heavily wounded.
The gnoll sergeant barely misses you. The gnoll closely misses you.
You block the gnoll's attack.
You hit the gnoll sergeant.
The gnoll sergeant is almost dead.
The gnoll sergeant hits you with a +2 spear of freezing!
The gnoll sergeant freezes you. You block the gnoll's attack. x2
You barely miss the gnoll sergeant.
The gnoll sergeant is almost dead.
The gnoll sergeant hits you with a +2 spear of freezing!
The gnoll sergeant freezes you. The gnoll barely misses you.
You block the gnoll's attack.
The gnoll sergeant hits you with a +2 spear of freezing!
The gnoll sergeant freezes you.
* * * LOW HITPOINT WARNING * * *
The gnoll hits you from afar with a +0 spear.
* * * LOW HITPOINT WARNING * * *
You hit the gnoll sergeant but do no damage.
The gnoll sergeant is almost dead.
The gnoll hits you with a +1 flail of protection.
* * * LOW HITPOINT WARNING * * *
The gnoll sergeant hits you with a +2 spear of freezing.
* * * LOW HITPOINT WARNING * * *
The gnoll sergeant freezes you.
You die...

#......... #....
#......... #....
#......... #....
#.........
#...#######.........
#...#.........#'####
#.gg#..?......+..#..
#.gg#.........#..'..
####@#.........#..###
#.........#+####..###
#.........#.......(..
#.........#..........
#....<....##+#..####.
###+#..........## ##
+.........#####
#.........#...#
#............##


You could see a gnoll sergeant and 3 gnolls.

Vanquished Creatures
  Sigmund (D:3)
  A phantom (D:5)
  Blork the orc (D:5)
  4 hounds
  An orc priest (D:4)
  3 iguanas
  An orc wizard (D:4)
  4 gnolls
  2 adders
  A white imp (D:5)
  An ufetubus (D:4)
  4 worms
  7 orcs
  4 bats
  5 endoplasms
  4 giant cockroaches
  7 goblins
  6 hobgoblins
  7 kobolds
  2 quokkas
  9 ball pythons
  5 frilled lizards
  7 rats
87 creatures vanquished.

Notes
Turn   | Place    | Note
-------+----------+-------------------------------------------
     0 | D:1      | ytrimaz the Formicid Fighter began the quest for the Orb.
     0 | D:1      | Reached XP level 1. HP: 18/18 MP: 1/1
   145 | D:1      | Reached XP level 2. HP: 21/24 MP: 2/2
   602 | D:1      | Reached XP level 3. HP: 29/29 MP: 3/3
  1090 | D:2      | Reached XP level 4. HP: 37/37 MP: 4/4
  1262 | D:2      | Identified a scroll of acquirement
  1262 | D:2      | Acquired the +7 lajatang of Order {silver, rMut}
  1262 | D:2      | Found the +7 lajatang of Order {silver, rMut}
  1983 | D:3      | Reached skill level 1 in Staves
  2086 | D:3      | Reached XP level 5. HP: 42/42 MP: 5/5
  2131 | D:3      | Noticed Sigmund
  2144 | D:3      | Killed Sigmund
  2145 | D:3      | Reached XP level 6. HP: 18/48 MP: 6/6
  2461 | D:3      | Found a faded altar of an unknown god.
  3097 | D:4      | Reached XP level 7. HP: 53/54 MP: 7/7
  3798 | D:5      | Entered Level 5 of the Dungeon
  4129 | D:5      | Reached skill level 5 in Staves
  4171 | D:5      | Noticed Blork the orc
  4180 | D:5      | Killed Blork the orc
  4318 | D:5      | Reached skill level 5 in Shields
  4327 | D:5      | HP: 1/55 [gnoll sergeant (4)]
  4327 | D:5      | Slain by a gnoll sergeant

Illustrated notes

Levels and vault maps discovered:
D:1:      dpeg_arrival_prison, layout_loops_ring, chequers_mini_garden,
          minmay_distorted
D:2:      layout_basic, serial_rivers, chequers_serial_rivers_micro_b,
          chequers_serial_rivers_small_b, chequers_serial_rivers_room_b,
          chequers_serial_rivers_small_a, chequers_serial_rivers_large_a,
          chequers_serial_rivers_small_b
D:3:      layout_basic, ebering_ecumenical_altar_abandoned, uniq_sigmund
D:4:      layout_basic, minivault_25
D:5:      layout_gridville, gammafunk_temple_overflow_claw,
          minmay_temple_entry_from_below_b, uniq_blork_the_orc

Skill      XL: |  1  2  3  4  5  6  7 |
---------------+----------------------+-----
Shields        | 4 5 |  5.0
Staves         | 1 3 4 5 |  5.8
Fighting       | 4 |  4.4
Armour         | 4 |  4.5
Axes           | |  2.9
Dodging        | |  0.8

Action                   |  1- 3 |  4- 6 |  7- 9 || total
-------------------------+-------+-------+-------++-------
Melee: War axe           |    60 |    24 |       ||    84
       Lajatang          |       |    89 |    40 ||   129
 Abil: Dig               |     1 |       |     1 ||     2
  Use: Scroll            |     5 |     2 |     2 ||     9
Armor: Scale mail        |    35 |    50 |     6 ||    91
Dodge: Dodged            |    33 |    45 |    15 ||    93
Block: Buckler           |    15 |    36 |    24 ||    75
       Reflection        |       |       |     1 ||     1

Table legend: (Time is in decaauts)
 A = Elapsed time spent in this place.
 B = Non-inter-level travel time spent in this place.
 C = Inter-level travel time spent in this place.
 D = Time resting spent in this place.
 E = Time spent auto-exploring this place.
 F = Levels seen in this place.
 G = Mean time per level.
                   A        B        C        D        E       F      G
               +--------+--------+--------+--------+--------+-----+--------+
         Total |   4409 |   4234 |    175 |    536 |   2891 |   5 |  881.8 |
       Dungeon |   4409 |   4234 |    175 |    536 |   2891 |   5 |  881.8 |
               +--------+--------+--------+--------+--------+-----+--------+

Top non-repeatable levels by time:
     D:1: 1093 daAuts
     D:4: 934 daAuts
     D:3: 932 daAuts
     D:2: 917 daAuts
     D:5: 532 daAuts
